 Dungeon Crawl Stone Soup version bcrawl-1.13.4 (webtiles) character file.

Game seed: 11570909959441079597

1399 Ashiichan the Magician (level 8, -3/46 HPs)
             Began as a Fairy Wizard on Aug 14, 2019.
             Slain by a centaur (4 damage)
             ... on level 6 of the Dungeon.
             The game lasted 00:30:51 (5006 turns).

Ashiichan the Magician (Fairy Wizard)               Turns: 5006, Time: 00:30:51

Health: -3/46      AC:  8    Str:  5    XL:     8   Next: 69%
Magic:  21/21      EV: 19    Int: 25    God:
Gold:   244        SH:  5    Dex: 10    Spells: 13/21 levels left

rFire    . . .     SeeInvis .   q - +4 short sword
rCold    . . .     Gourm    .   (shield restricted)
rNeg     . . .     Faith    .   (armour unavailable)
rPois    .         Spirit   .   b - +0 hat
rElec    .         Reflect  .   B - +2 cloak {MR+}
rCorr    .         Harm     .   (no gloves)
MR       +....                  (no boots)
Stlth    +.........             (no amulet)
HPRegen  0.15/turn              (no ring)
MPRegen  0.17/turn              (no ring)

@: flying evasively
A: small, magic attunement, unstealthy, unfitting armour, able to fly, AC/SH +5
a: Stop Flying


You were on level 6 of the Dungeon.
You were very hungry.

You visited 1 branch of the dungeon, and saw 6 of its levels.
You also visited: Sewer.

You collected 401 gold pieces.
You spent 157 gold pieces at shops.

Inventory:

Hand Weapons
 a - a +0 staff
 l - a +1 antimagic short sword
 q - a +4 short sword (weapon)
 x - a +1 dagger of holy wrath
 C - a +2 flail of holy wrath
Missiles
 j - 1174 poisoned needles
Armour
 b - a +0 hat (worn)
 B - a +2 cloak of magic resistance (worn)
Jewellery
 k - a +2 ring of intelligence {unknown}
 D - an uncursed ring of see invisible {unknown}
Wands
 w - a wand of random effects (5)
 y - a wand of flame (15)
Scrolls
 c - 8 scrolls of teleportation {unknown}
 e - 3 scrolls of fear {unknown}
 f - 3 scrolls of enchant armour {unknown}
 i - 4 scrolls of remove curse {unknown}
 m - 2 scrolls of amnesia {unknown}
 r - a scroll of magic mapping {unknown}
 v - 3 scrolls of identify {unknown}
 A - a scroll of fog {unknown}
 E - a scroll of torment {unknown}
Potions
 g - 4 potions of haste
 h - 2 potions of cancellation {unknown}
 n - 2 potions of agility {unknown}
 p - a potion of might {unknown}
 s - 4 potions of magic {unknown}
 t - 2 potions of heal wounds {unknown}
 u - a potion of resistance {unknown}
 z - a potion of lignification {unknown}
 F - a potion of degeneration {unknown}
 G - a potion of flight {unknown}
Comestibles
 d - 6 rations {!d}


   Skills:
 + Level 7.1 Dodging
 + Level 4.4 Stealth
 + Level 7.3 Spellcasting
 + Level 6.0 Conjurations
 + Level 1.6 Hexes
 - Level 1.1 Summonings
 - Level 1.0 Translocations


You had 13 spell levels left.
You knew the following spells:

 Your Spells              Type           Power        Failure   Level  Hunger
a - Magic Dart            Conj           ####         1%          1    None
b - Slow                  Hex            ###.....     3%          1    None
c - Blink                 Tloc           N/A          6%          2    None
d - Conjure Flame         Conj/Fire      ###.....     5%          3    None
e - Summon Butterflies    Summ           ##......     4%          1    None

Your spell library contained the following spells:

 Spells                   Type           Power        Failure   Level  Hunger
 Apportation              Tloc           ##....       4%          1    None
 Animate Skeleton         Necr           N/A          6%          1    None
 Pain                     Necr           #...         6%          1    None
 Call Imp                 Summ           ##......     6%          2    None
 Mephitic Cloud           Conj/Pois/Air  ###.....     9%          3    None
 Tukima's Dance           Hex            ###.....     10%         3    None
 Beckoning                Tloc           ##........   13%         3    None
 Regeneration             Chrm/Necr      #.........   19%         3    None
 Vampiric Draining        Necr           #.........   19%         3    None
 Bolt of Draining         Conj/Necr      ###.......   45%         5    None
 Animate Dead             Necr           N/A          54%         4    None
 Alistair's Intoxication  Tmut/Pois      #.......     87%         5    None
 Invisibility             Hex            ###.....     99%         6    None


Dungeon Overview and Level Annotations

Branches:
Dungeon (6/12)
 Temple: D:4-7

Altars:
Ashenzari
Fedhas
Lugonu
Okawaru
Ru
Uskayaw
Zin

Shops:
D:4 [


Innate Abilities, Weirdness & Mutations

Your spells do not cause hunger and MP costs are reduced by 1.
Your bright wings attract enemies. (Stealth-)
You cannot fit into any form of body armour.
Your shimmering scales are hard and can block incoming attacks. (AC +5, SH +5)
You are small and have problems with some larger weapons.
You can fly continuously.


Message History

Casting: Magic Dart (safe; 1% risk of failure)
Confirm with . or Enter, or press ? or * to list all spells.
Aiming: Magic Dart (safe; 1% risk of failure)
Press: ? - help, Shift-Dir - straight line, f/p - centaur
Aim: a centaur, wielding a +0 shortbow (moderately wounded)
The magic dart hits the centaur.
The centaur is moderately wounded.
The centaur shoots an arrow.
The arrow closely misses you.
The centaur shoots an arrow.
The arrow hits you!
* * * LOW HITPOINT WARNING * * *
The centaur unwields a +0 shortbow.
You block the centaur's attack.
Casting: Magic Dart (safe; 1% risk of failure)
Confirm with . or Enter, or press ? or * to list all spells.
Aiming: Magic Dart (safe; 1% risk of failure)
Press: ? - help, Shift-Dir - straight line, f/p - centaur
Aim: a centaur (moderately wounded)
The magic dart hits the centaur.
The centaur is moderately wounded.
The centaur hits you.
You die...

#.......# #.......#
#.......##+######+####+#
........................
........................
...............b........
............b...........
.............b...c......
+#########......@#######
...+ #.......# ...#
#.......# ...# #.......#
####+#####.......#
####.#......######
.....#......#
.....#......#
.....#......#


You could see a centaur.

Vanquished Creatures
  Eustachio (D:6)
  A sky beast (D:6)
  3 ogres
  A phantom (D:4)
  A big kobold (Sewer)
  A bullfrog (D:6)
  A water moccasin zombie (D:5)
  A scorpion (D:6)
  A crimson imp (D:2)
  A centaur zombie (D:5)
  A jelly (D:6)
  An orc priest (D:4)
  A hound (D:5)
  2 iguanas
  A worker ant (D:4)
  3 orc wizards (D:3)
  A hound skeleton (D:3)
  2 worker ant zombies
  4 gnolls (D:3)
  3 adders
  7 oozes
  4 adder skeletons
  2 adder zombies
  7 worms
  A dart slug (D:3)
  3 leopard geckos
  20 orcs
  6 bats
  3 giant cockroaches
  6 hobgoblins
  7 jackals
  4 quokkas
  6 ball pythons
  4 frilled lizards
  A goblin (D:2)
  A jackal skeleton (D:3)
  17 kobolds
  6 rats
136 creatures vanquished.

Notes
Turn   | Place    | Note
-------+----------+-------------------------------------------
     0 | D:1      | Ashiichan the Fairy Wizard began the quest for the Orb.
     0 | D:1      | Reached XP level 1. HP: 11/11 MP: 7/7
   230 | D:1      | Reached XP level 2. HP: 17/17 MP: 9/9
   284 | D:1      | Learned a level 1 spell: Slow
   292 | D:1      | Learned a level 2 spell: Blink
   680 | D:2      | Reached XP level 3. HP: 17/21 MP: 10/10
   802 | D:2      | Found a glowing silver altar of Zin.
   986 | D:2      | Learned a level 3 spell: Conjure Flame
  1253 | D:2      | Reached XP level 4. HP: 27/27 MP: 12/12
  1378 | D:3      | Reached XP level 5. HP: 15/31 MP: 14/14
  1402 | D:3      | Found a glowing drain.
  1410 | Sewer    | Entered a sewer
  1432 | Sewer    | Reached skill level 5 in Spellcasting
  1811 | Sewer    | Noticed a big kobold
  1819 | Sewer    | Killed a big kobold
  1819 | Sewer    | Reached XP level 6. HP: 36/36 MP: 16/16
  2537 | D:3      | Reached skill level 5 in Dodging
  2881 | D:4      | Reached XP level 7. HP: 41/41 MP: 17/17
  2914 | D:4      | Found Varyucra's Antique Armour Shop.
  2940 | D:4      | Bought a runed cloak for 157 gold pieces
  3376 | D:4      | Reached skill level 5 in Conjurations
  3525 | D:4      | Found a hide-covered altar of Uskayaw.
  3636 | D:4      | Found a shattered altar of Ashenzari.
  3637 | D:4      | Found a sacrificial altar of Ru.
  3639 | D:4      | Found a blossoming altar of Fedhas.
  3646 | D:4      | Found a corrupted altar of Lugonu.
  4021 | D:5      | Entered Level 5 of the Dungeon
  4130 | D:5      | Reached XP level 8. HP: 44/46 MP: 18/20
  4274 | D:5      | Found an iron altar of Okawaru.
  4434 | D:6      | Learned a level 1 spell: Summon Butterflies
  4603 | D:6      | Noticed Eustachio
  4616 | D:6      | Killed Eustachio
  4616 | D:6      | Reached skill level 1 in Hexes
  5004 | D:6      | HP: 1/46 [centaur/arrow (8)]
  5006 | D:6      | Slain by a centaur

Skill      XL: |  1  2  3  4  5  6  7  8 |
---------------+-------------------------+-----
Dodging        | 3 4 5 6 7 |  7.1
Conjurations   | 2 3 4 5 6 |  6.0
Stealth        | 2 3 4 |  4.4
Spellcasting   | 5 6 7 |  7.3
Hexes          | 1 |  1.6
Summonings     | |  1.1
Translocations | |  1.0

Action                   |  1- 3 |  4- 6 |  7- 9 || total
-------------------------+-------+-------+-------++-------
 Cast: Magic Dart        |    93 |   240 |   183 ||   516
       Slow              |    13 |     3 |     5 ||    21
       Blink             |       |     1 |     4 ||     5
       Conjure Flame     |       |       |    11 ||    11
       Summon Butterflie |       |       |     5 ||     5
  Use: Potion            |       |     1 |     1 ||     2
  Eat: Chunk             |     1 |     4 |     6 ||    11
Armor: Skin              |     5 |     9 |    11 ||    25
Dodge: Dodged            |    19 |    54 |    44 ||   117
Block: Other             |     1 |    21 |     7 ||    29
